[Event "2nd Sampa STD Open 2025"]
[Site "Sao Paulo"]
[Date "2025.02.01"]
[Round "1"]
[White "Contreras Huaman, Fiorella"]
[Black "Lelis, Lucas Porto"]
[Result "1-0"]
[Annotator "TA"]
[ECO "C78"]
[WhiteElo "2170"]
[BlackElo "1914"]
[PlyCount "75"]
[EventDate "2025.02.01"]
[EventType "swiss"]
[EventCountry "BRA"]
[SourceTitle "playchess.com"]
[Source "ChessBase"]
[SourceQuality "1"]
[TimeControl "5400+30"]

1. e4 e5 2. Nf3 Nc6 3. Bb5 a6 4. Ba4 Nf6 5. O-O b5 6. Bb3 Bc5 7. c3 d6 8. d4 Bb6 9. Re1 {9.Be3 is the modern continuation. C78: Ruy Lopez: Archangelsk and Möller Defences.} O-O 10. h3 Re8 11. Ng5 {The position is equal.} Re7 {A sharp opening} 12. d5 Nb8 13. a4 $146 (13. Be3 Nbd7 14. Bxb6 Nxb6 15. Nd2 Bd7 16. Nf1 a5 17. Ng3 a4 18. Bc2 Re8 19. Qf3 {0-1 Traetmar,M (1888)-Lenz,J (1954) GER Pfingstopen U25 blitz 2020 (8)}) 13... h6 14. Nf3 bxa4 (14... Ra7 $11) 15. Bxa4 $16 {Black is on the road to losing.} Bd7 16. Nh4 Bxa4 17. Rxa4 Re8 18. Nf5 Nbd7 19. Qf3 {[%csl Of5][%cal Oc1h6] Strong Square White (f5)} Nf8 20. Nd2 {White has more active pieces.} Qd7 (20... N6d7 $16) 21. b3 $40 {[%mdl 128] White goes for the king.} N8h7 (21... Qd8 $16 22. Nc4 N6d7 23. Nxb6 Nxb6) 22. Nc4 $18 {[%cal Oc1h6] Bxh6! would now be deadly.} h5 {[#]} (22... Rab8 {was called for.} 23. Rxa6 Qb5) 23. Nfxd6 $1 Bxf2+ 24. Qxf2 (24. Kxf2 cxd6 25. Qe3 Qe7 $18) 24... cxd6 25. Nb6 Qc7 26. Rc4 Qb7 27. Nxa8 Rxa8 28. b4 a5 29. bxa5 Rxa5 30. Rb4 Qc8 31. Qb2 Nd7 {Repels Rb8} 32. Be3 Qa6 33. Qe2 Qc8 34. Rc4 ({Less strong is} 34. Qxh5 Qxc3 35. Rbb1 Nhf6 $18) 34... Qa6 35. Rc6 Qxe2 36. Rxe2 Nc5 (36... Ra1+ $142 37. Kh2 Nhf6 38. Rxd6 Ra3) 37. Bxc5 Rxc5 38. Rb2 {Weighted Error Value: White=0.07 (flawless) /Black=0.37  Mistake:       	---       	Black=5      Inaccurate:     	---       	Black=3      OK:         	White=12    	Black=11     Best:        	White=2     	---} 1-0

[Event "2nd Sampa STD Open 2025"]
[Site "Sao Paulo"]
[Date "2025.02.01"]
[Round "1"]
[White "De Oliveira, Yuri Garcia"]
[Black "Cunha, Rodrigo Azalim"]
[Result "1-0"]
[Annotator "TA"]
[ECO "E06"]
[WhiteElo "1978"]
[BlackElo "1786"]
[PlyCount "103"]
[EventDate "2025.02.01"]
[EventType "swiss"]
[EventCountry "BRA"]
[SourceTitle "playchess.com"]
[Source "ChessBase"]
[SourceQuality "1"]
[TimeControl "5400+30"]

1. c4 e6 2. Nf3 d5 3. g3 Nf6 4. Bg2 Be7 5. O-O O-O 6. d4 c6 7. b3 b6 8. Bb2 a5 9. Qc2 Ba6 10. Nbd2 {White is slightly better.} b5 11. Rfd1 a4 12. Rac1 Nbd7 13. e4 axb3 14. axb3 bxc4 15. bxc4 dxc4 16. Bf1 Nb6 17. Ne5 Qc8 (17... Bb5 $1 $11 18. Qb1 (18. Ndxc4 Ba4 $17) (18. Bxc4 Nxc4 19. Ndxc4 Ba4 $17) (18. Nexc4 Ba4 $17) 18... Ba4 19. Ndxc4 (19. Re1 Bb4 $15) 19... Nxc4 20. Rxc4 Bxd1 21. Qxd1 Nxe4 22. Nxc6 Qd6) 18. Ndxc4 $14 Nxc4 19. Nxc4 Rb8 {Repels Nb6} 20. Ba1 (20. Ne5 $16 Bb7 21. Bg2 (21. Nxc6 $2 Qxc6 22. f3 Rfd8 $19)) 20... c5 (20... Re8 $14 {feels stronger.}) 21. d5 $16 exd5 22. exd5 Rd8 ({Better is} 22... Bxc4 $14 23. Bxc4 (23. Qxc4 Rb4 $16) 23... Bd6) 23. d6 Bf8 24. Bxf6 (24. Bd3 {is more complex.} Qe6 25. Re1 Qh3 26. Bxf6 gxf6 27. Ra1) 24... gxf6 25. Bd3 {White has more active pieces.} ({White should try} 25. Rd5 $16) 25... Bxc4 $14 26. Qxc4 {[%cal Od3h7] Strongly threatening Bxh7+!} Rxd6 {[#]} 27. Bxh7+ $1 Kg7 $1 28. Rxd6 (28. Qxc5 Rxd1+ 29. Rxd1 Bxc5 (29... Qxc5 $2 30. Be4 $19) 30. Be4 Qg4 31. Bc2 Qe2 32. Rf1 Qxc2 33. Kg2 Qe4+ 34. Kg1 Qf3 (34... Bxf2+ 35. Rxf2 Rb1+ 36. Rf1 Rb2 37. Rf2 Qe1+ 38. Kg2 Qxf2+ 39. Kh3 Qf3 40. Kh4 Rxh2#) 35. h4 Bxf2+ (35... Qxg3+ 36. Kh1 Qxh4+ 37. Kg2 Qg4+ 38. Kh2 Rh8#) 36. Rxf2 Rb1+ (36... Qxg3+ 37. Kf1 Rb1+ 38. Ke2 Rb2+ 39. Ke1 Qxf2+ 40. Kd1 Qg1#) (36... Qxg3+ 37. Kf1 Rb1+ 38. Ke2 Rb2+ 39. Ke1 Qxf2+ 40. Kd1 Qg1#)) 28... Bxd6 {Black is weak on the light squares} 29. Qd3 (29. Bc2 {simplifies} Qe6 30. Qd3 f5 31. Qxf5 Qxf5 32. Bxf5 Kf6 33. Bd3) 29... Be5 30. Bf5 Qf8 31. Qf3 {White wants to mate with Qg4+.} Qd6 32. Rd1 (32. Qh5 $16) 32... Bd4 33. Rd2 (33. Rb1 {simplifies} Rxb1+ 34. Bxb1 Kf8 35. Bh7) 33... Qa6 34. Bd3 Qa1+ 35. Kg2 Rb2 36. Qg4+ Kf8 37. Re2 Rxe2 38. Bxe2 {[%mdl 4096] Endgame. KQB-KQB} Qb2 39. h4 Qd2 40. h5 c4 {[#]} 41. Qc8+ (41. Bxc4 Bxf2 42. Qc8+ Kg7 $14) (41. h6 $1 $16 {And now Qc8+ would win.} f5 42. Qf3) 41... Kg7 42. Qxc4 ({Much worse is} 42. Bxc4 Qxf2+ 43. Kh3 Be5 44. Qg4+ Kh6 $11) 42... Be5 (42... f5 $14) 43. Qe4 (43. Bd3 $18) 43... Qd4 $16 44. Qf5 Qd2 {[#] Prevents f4.} (44... Qd5+ $16 45. Bf3 Qe6 46. Qxe6 fxe6) 45. Bd3 $1 $18 {Qh7+ is the strong threat.} Bd4 $2 (45... Kf8 $18 46. Qh7 Bd4) 46. Qg4+ {White mates.} Qg5 47. Qxd4 Qxh5 48. Qe4 Qh6 49. Qf5 Kf8 50. Be4 Kg7 51. f4 Kf8 52. Qh7 {Weighted Error Value: White=0.13 (very precise) /Black=0.31.  Mistake:       	White=5     	Black=7      Inaccurate:     	White=3     	Black=4      OK:         	White=14    	Black=12     Best:        	---       	Black=3      Strong:       	White=1     	Black=1} 1-0

[Event "2nd Sampa STD Open 2025"]
[Site "Sao Paulo"]
[Date "2025.02.01"]
[Round "1"]
[White "Da Costa, Mariana Nara Santana"]
[Black "De Siqueira, Luigy Lira"]
[Result "0-1"]
[Annotator "TA"]
[ECO "D20"]
[WhiteElo "1906"]
[BlackElo "2252"]
[PlyCount "55"]
[EventDate "2025.02.01"]
[EventType "swiss"]
[EventCountry "BRA"]
[SourceTitle "playchess.com"]
[Source "ChessBase"]
[SourceQuality "1"]
[TimeControl "5400+30"]

1. d4 d5 2. c4 dxc4 3. Nc3 Nf6 4. e3 a6 5. a4 e5 6. Bxc4 {Qb3 would now be deadly. D20: Queen's Gambit Accepted: 3 e3 and 3 e4.} exd4 7. exd4 Nc6 8. Nf3 {The position is equal.} Bd6 9. O-O O-O 10. Bg5 h6 11. Bh4 Bg4 12. Be2 Re8 13. d5 $146 (13. h3 Bh5 14. Re1 g5 15. Bg3 Bxf3 16. Bxf3 Rxe1+ 17. Qxe1 Nxd4 18. Qd1 Bxg3 19. fxg3 {0-1 Najim,K (1751)-Hussein,A (2239) IRQ-chT 29th 2017 (7)}) 13... Nb4 14. Bc4 g5 15. Bg3 Bxg3 16. fxg3 Qd6 17. h3 Bh5 {[%cal Oa8d8] Black is much more active.} (17... b5 18. axb5 axb5 19. Rxa8 (19. Nxb5 Rxa1 20. Nxd6 Rxd1 $11) (19. Bxb5 Bxf3 20. Qxf3 Rxa1 $11) 19... Rxa8 20. Nxb5 (20. Bxb5 Bh5 $14) 20... Qb6+ 21. Kh2 $16) 18. Qd2 Bg6 {[%cal Ob4c2] aiming for ...Nc2!.} 19. Qf2 {[#]} (19. b3 $17) 19... Nc2 $1 $19 (19... Nbxd5 20. Nxd5 Nxd5 21. Rad1 $14) 20. Nd4 Nxa1 21. Rxa1 Ne4 22. Nxe4 Rxe4 23. Bd3 Re5 24. Rf1 Rf8 ({Weaker is} 24... Bxd3 25. Qxf7+ Kh8 26. Ne6 Rxe6 (26... Rxd5 27. Qg7#) 27. dxe6 Qd4+ 28. Rf2 $17) 25. Bc4 {Black has a decisive advantage.} Qc5 26. b3 Re4 27. Rd1 Rd8 28. Kh2 $2 {Weighted Error Value: White=0.20 (precise) /Black=0.06 (flawless)   Mistake:       	White=2     	---        Inaccurate:     	White=4     	Black=1      OK:         	White=7     	Black=18} (28. Rd2 {was worth a try.}) 0-1

[Event "2nd Sampa STD Open 2025"]
[Site "Sao Paulo"]
[Date "2025.02.01"]
[Round "1"]
[White "Da Silva, Matheus Pelegrino"]
[Black "Grillo, Carlos Henrique Gome"]
[Result "0-1"]
[Annotator "TA"]
[ECO "D94"]
[WhiteElo "1786"]
[BlackElo "1982"]
[PlyCount "82"]
[EventDate "2025.02.01"]
[EventType "swiss"]
[EventCountry "BRA"]
[SourceTitle "playchess.com"]
[Source "ChessBase"]
[SourceQuality "1"]
[TimeControl "5400+30"]

1. c4 Nf6 2. Nc3 d5 3. e3 g6 4. d4 Bg7 5. Nf3 O-O 6. Bd3 c6 7. O-O Nbd7 8. b3 Re8 9. Bb2 dxc4 {D94: Grünfeld: 4 Nf3 Bg7 5 e3.} 10. Bxc4 Qc7 11. Ng5 $146 (11. Qc2 e5 12. dxe5 Nxe5 13. Nxe5 Qxe5 14. Nd5 Qd6 15. Nxf6+ Bxf6 16. Rad1 Qe7 17. Bxf6 Qxf6 {1-0 Johansson,T (2237)-Denton,B Internet Section 07A g/8'+2" blitz 2004 (4)}) 11... e6 {White is slightly better.} 12. Nce4 Nxe4 13. Nxe4 {A sharp opening} Nb6 14. Qf3 Qe7 15. Bd3 Nd7 16. Qe2 e5 17. dxe5 Nxe5 18. Nc3 {[#]} (18. Bxe5 $11 Qxe5 (18... Bxe5 19. Rad1 $15) 19. Rad1) 18... Nxd3 (18... Bg4 $1 $17 19. Qc2 Nxd3 20. Qxd3 Qg5) 19. Qxd3 $15 Bf5 {This pair of bishops is nice.} 20. Qe2 Rad8 21. Rfd1 {Prevents Bd3} Qb4 22. Na4 {White is weak on the light squares} b5 23. Bxg7 Kxg7 24. Qb2+ Kg8 25. a3 ({Better is} 25. Nc3 $11) 25... Qg4 {Black attacks} 26. f3 (26. Nc3 $15) 26... Qg5 $17 27. e4 (27. Nc5 $17) 27... Be6 $2 (27... Rxd1+ $19 28. Rxd1 Qe3+ 29. Qf2 Qxf2+ (29... Qxb3 $2 30. Nb2 $19) 30. Kxf2 bxa4 31. exf5 axb3) 28. Nc3 $15 Qe3+ 29. Kh1 h5 $36 {[%mdl 2048] White is under pressure. Black has more active pieces.} 30. Re1 (30. b4 $15) 30... Rd2 $1 $19 31. Rxe3 Rxb2 32. b4 Rd8 33. Re2 Rb3 34. Re3 Rd2 35. Re2 $2 (35. h4 {was worth a try.}) 35... Rd3 36. Nd1 Rxa3 37. Rb1 Rab3 {Black is clearly winning.} 38. Rc1 Rxb4 39. Nf2 {[#]} Rc3 40. Ra1 {[#]} (40. Rd1 a5) 40... a5 $1 41. Nd1 (41. h3 a4) 41... Rcb3 {Weighted Error Value: White=0.42/Black=0.17 (very precise)   Mistake:       	White=6     	Black=2      Inaccurate:     	White=3     	Black=1      OK:         	White=8     	Black=17     Best:        	White=3     	Black=1      Strong:       	---       	Black=1} 0-1

[Event "2nd Sampa STD Open 2025"]
[Site "Sao Paulo"]
[Date "2025.02.01"]
[Round "1"]
[White "Da Silva, Matheus Pelegrino"]
[Black "Grillo, Carlos Henrique Gome"]
[Result "*"]
[Annotator "RC"]
[ECO "D94"]
[WhiteElo "1786"]
[BlackElo "1982"]
[PlyCount "58"]
[EventDate "2025.02.01"]
[EventType "swiss"]
[EventCountry "BRA"]
[SourceTitle "playchess.com"]
[Source "ChessBase"]
[SourceQuality "1"]
[TimeControl "5400+30"]

1. c4 Nf6 2. Nc3 d5 3. e3 g6 4. d4 Bg7 5. Nf3 O-O 6. Bd3 c6 7. O-O Nbd7 8. b3 Re8 9. Bb2 dxc4 10. Bxc4 Qc7 11. Ng5 e6 12. Nce4 Nxe4 13. Nxe4 Nb6 14. Qf3 Qe7 15. Bd3 Nd7 16. Qe2 e5 17. dxe5 Nxe5 18. Nc3 Nxd3 19. Qxd3 Bf5 20. Qe2 Rad8 21. Rfd1 Qb4 22. Na4 b5 23. Bxg7 Kxg7 24. Qb2+ Kg8 25. a3 Qg4 26. f3 Qg5 27. e4 Be6 28. Nc3 Qe3+ 29. Kh1 a5 *

[Event "2nd Sampa STD Open 2025"]
[Site "Sao Paulo"]
[Date "2025.02.01"]
[Round "2"]
[White "De Siqueira, Luigy Lira"]
[Black "Seccafim, Caic dos Santos"]
[Result "0-1"]
[Annotator "TA"]
[ECO "C13"]
[WhiteElo "2252"]
[BlackElo "1999"]
[PlyCount "62"]
[EventDate "2025.02.01"]
[EventType "swiss"]
[EventCountry "BRA"]
[SourceTitle "playchess.com"]
[Source "ChessBase"]
[SourceQuality "1"]
[TimeControl "5400+30"]

1. e4 e6 2. d4 d5 3. Nc3 Nf6 4. Bg5 dxe4 5. Nxe4 Be7 6. Bxf6 gxf6 7. Nf3 f5 8. Nc3 a6 {C13: French: Classical System: 4 Bg5 Be7, Alekhine-Chatard Attack.} 9. Bd3 c5 10. dxc5 Bxc5 {The position is equal.} 11. Qe2 Qe7 12. O-O-O Nc6 13. Rhe1 {[%cal Od3f5] and Bxf5! should not be overlooked. White has strong rooks and is better} O-O {[#]} (13... Bb4 $14) 14. Bxf5 $146 (14. Kb1 Kh8 15. h4 Qf6 16. Ng5 Nd4 17. Qf1 Bb4 18. Nce4 fxe4 19. Nxe4 Qg7 20. c3 {0-1 Makarenko,A (2285)-Lenderman,A (2623) Titled Tuesday intern op 2nd Febr blitz 2016 (3)}) 14... exf5 {[#]} 15. Qc4 $36 {[%mdl 2048] Black is under strong pressure.} b5 {[#]} 16. Qf4 (16. Qd5 $2 Be6 17. Rxe6 (17. Qxc6 $2 Rfc8 $17) 17... fxe6 $19) 16... Qf6 $2 (16... Qa7 $16 {is a better defense.}) 17. Ne4 $18 Qe7 (17... fxe4 $2 18. Qxf6 Ne7 19. Ng5 $18 (19. Rxe4 Ng6 $18)) (17... Qg7 18. Nxc5 Ra7) 18. Nxc5 Qxc5 19. Qg5+ Kh8 20. Qh6 {White threatens Ng5 and mate.} Nb4 21. c3 ({And not} 21. Qf6+ Kg8 22. Qg5+ Kh8 23. Qf6+ Kg8 24. Qg5+ Kh8 25. Qf6+ $11) 21... f6 {[%cal Of5f4] [#] Hoping for ...f4!. Repels Ng5} 22. Rd8 $1 Be6 (22... Rxd8 23. Qxf6+) 23. Qxf6+ Kg8 24. Qxe6+ Kh8 25. Qf6+ Kg8 26. Qg5+ Kh8 27. Rd7 Nxa2+ {Black is weak on the dark squares} 28. Kb1 Nxc3+ 29. Ka1 Qb4 30. Qh6 $4 (30. Qg7# {was the only winning move.}) 30... Qc4 $4 31. Rdd1 $4 (31. Qxh7#) 31... Qa2# {Quite a comeback for Black.   Weighted Error Value: White=0.04 (flawless) /Black=1.35  Loses game:     	---       	Black=1      Mistake:       	---       	Black=2      Inaccurate:     	White=2     	Black=2      OK:         	White=4     	Black=2      Best:        	White=2     	Black=1      Brilliant:      	White=2     	---} 0-1

[Event "2nd Sampa STD Open 2025"]
[Site "Sao Paulo"]
[Date "2025.02.01"]
[Round "2"]
[White "Grillo, Carlos Henrique Gome"]
[Black "Luz, Arthur Nader"]
[Result "1-0"]
[Annotator "TA"]
[ECO "A37"]
[WhiteElo "1982"]
[BlackElo "2167"]
[PlyCount "119"]
[EventDate "2025.02.01"]
[EventType "swiss"]
[EventCountry "BRA"]
[SourceTitle "playchess.com"]
[Source "ChessBase"]
[SourceQuality "1"]
[TimeControl "5400+30"]

1. c4 c5 2. g3 g6 3. Bg2 Bg7 4. Nc3 Nc6 5. Nf3 d6 6. d3 e5 7. O-O Nge7 8. a3 O-O 9. Rb1 a5 10. Ne1 Be6 11. Nc2 d5 12. cxd5 Nxd5 13. Ne3 Nde7 14. Nc4 Rb8 {A37: Symmetrical English vs ...g6: 4 Bg2 Bg7 5 Nf3.} 15. Ne4 b6 16. f4 b5 $146 {Black is slightly better.} (16... a4 $5) (16... exf4 17. Bxf4 Rb7 {½-½ Baker,C (2282)-Lalic,B (2470) Coulsdon Jessie Gilbert 4th 2011 (9)}) 17. Nxe5 Nxe5 18. fxe5 Bxe5 19. Bh6 Bg7 (19... Bd4+ $11 20. Kh1 Nf5 21. Bxf8 Qxf8 (21... Ne3 22. Qd2 $11)) 20. Qc1 (20. Bxg7 $1 $14 Kxg7 21. Qc1) 20... Rc8 {[#]} (20... Bxh6 $1 $11 {remains equal.} 21. Qxh6 Nf5) 21. Bxg7 $1 $16 (21. Nxc5 $2 Rxc5 22. Qxc5 Bd4+ (22... Bxh6 $2 23. b4 $19) 23. Be3 Bxc5 $19) 21... Kxg7 {[#]} 22. Qf4 {White attacks} ({White should try} 22. b4 $1 $16) 22... f6 $14 23. Qd6 (23. Nxf6 $2 Ng8 $19) (23. Rbc1 {keeps more tension.} c4 24. Qf2 Bd5 25. Bh3) 23... Qxd6 ({Black should play} 23... Bd5 $11) 24. Nxd6 {White plays on the queen side and is better} Rb8 25. Nb7 $36 {[%mdl 2048] White has the initiative. White is more active.} Rfc8 26. Nxa5 c4 27. Rfc1 Rb6 28. b4 cxd3 29. Rxc8 Bxc8 30. exd3 Rd6 31. Rd1 Bf5 32. Bf1 Nd5 33. Kf2 {Repels Ne3} Nb6 (33... Re6 $16) 34. d4 $18 Bd7 35. Nb7 Rd5 36. Nc5 Bg4 (36... Bc6 $142 37. Ne6+ Kf7) 37. Rd2 Rf5+ 38. Kg1 Nc4 39. Bxc4 bxc4 {[%mdl 4096] Endgame KRB-KRN. White is a pawn up.} 40. Rf2 Rd5 41. Rd2 $2 (41. Rc2 $18) 41... Bf5 $2 (41... c3 $2 42. Rc2 $18) (41... Rf5 $1 $11) 42. Na4 Bd3 43. Nc3 Rxd4 44. Kf2 Kf7 45. Ke3 Rd7 46. a4 Ke7 47. b5 Kd8 48. a5 Kc7 49. g4 Kb7 50. Rb2 Ka7 (50... Kb8 51. b6 Rd6) 51. Na4 Re7+ $2 (51... Kb8 52. b6 c3 53. Nxc3 Ba6) 52. Kd4 Re4+ 53. Kd5 (53. Kc3 $142) 53... Re5+ (53... c3 {keeps fighting.} 54. Nxc3 Rc4) 54. Kd6 {Black must now prevent b6+.} ({Less strong is} 54. Kc6 Be4+ 55. Kd6 h5 $16) 54... Re2 $2 (54... Be4 55. b6+ (55. Re2 Kb8 $18) 55... Kb8) 55. Rb4 (55. Rxe2 $142 Bxe2 56. Kc7) 55... Rd2 56. Kc7 {White mates.} c3 57. b6+ Ka6 58. b7 c2 59. Nc5+ Kxa5 60. b8=Q {Weighted Error Value: White=0.33/Black=0.70  Loses game:     	---       	Black=1      Missed win:     	White=1     	---        Mistake:       	White=4     	Black=9      Inaccurate:     	White=2     	Black=4      OK:         	White=18    	Black=11     Best:        	White=3     	Black=1      Strong:       	White=1     	---} 1-0

[Event "2nd Sampa STD Open 2025"]
[Site "Sao Paulo"]
[Date "2025.02.01"]
[Round "3"]
[White "Silva Sanchez, Carlos"]
[Black "Poeta, Caio Medeiros"]
[Result "*"]
[Annotator "TA"]
[ECO "D12"]
[WhiteElo "2325"]
[BlackElo "2088"]
[PlyCount "24"]
[EventDate "2025.02.01"]
[EventType "swiss"]
[EventCountry "BRA"]
[SourceTitle "playchess.com"]
[Source "ChessBase"]
[SourceQuality "1"]
[TimeControl "5400+30"]

1. d4 d5 2. Nf3 Nf6 3. c4 c6 4. e3 Bf5 5. Nc3 e6 6. Nh4 Bg6 7. Nxg6 {7.Be2 deserves study.} hxg6 8. Bd3 Bd6 {D12: Slav Defence: 3 Nf3 Nf6 4 e3 Bf5.} 9. g3 Nbd7 10. Qb3 Qc7 $146 (10... Qb8 11. e4 e5 12. cxd5 exd4 13. Ne2 c5 14. f4 Nh5 15. e5 Nxe5 16. fxe5 Bxe5 {1-0 Wu,R (2037)-Cui,K (1800) British Columbia op 2014 (3.9)}) 11. Bd2 Ng4 12. cxd5 {Inaccurate:     	White=1     	---        OK:         	White=1     	---} exd5 {An uneventful encounter.   Weighted Error Value: White=0.12 (very precise) /Black=0.13 (very precise)} *

[Event "2nd Sampa STD Open 2025"]
[Site "Sao Paulo"]
[Date "2025.02.01"]
[Round "3"]
[White "Cruz De La, Noel"]
[Black "De Siqueira, Luigy Lira"]
[Result "*"]
[Annotator "TA"]
[ECO "C48"]
[WhiteElo "2288"]
[BlackElo "2252"]
[PlyCount "34"]
[EventDate "2025.02.01"]
[EventType "swiss"]
[EventCountry "BRA"]
[SourceTitle "playchess.com"]
[Source "ChessBase"]
[SourceQuality "1"]
[TimeControl "5400+30"]

1. e4 e5 2. Nf3 Nc6 3. Nc3 Nf6 4. Bb5 Nd4 5. Bc4 c6 6. O-O {C48: Four Knights: 4 Bb5, replies other than 4...Bb4.} Bd6 7. Re1 $146 {[#] Threatens to win with Nxd4.} (7. d3 b5 8. Bb3 a5 9. a4 Nxb3 10. cxb3 b4 11. Ne2 Bc7 12. d4 d6 13. dxe5 dxe5 {½-½ Andreikin,D (2720)-Savchenko,B (2567) Moscow-ch blitz 69th 2015 (16)}) 7... O-O 8. Nxd4 {The position is equal.} exd4 9. e5 $1 Bxe5 10. Rxe5 dxc3 11. dxc3 d5 12. Be2 Ne4 $36 {[%mdl 2048] Black fights for an advantage.} 13. f3 Qf6 (13... f6 $1 $15 {stays ahead.} 14. Rh5 Nd6) 14. Rh5 (14. Qd4 $16 {is necessary to keep the advantage.} Nd6 15. Bd3) 14... Nd6 (14... g6 $17 {Threatens to win with ...Nxc3.} 15. Rh6 Nd6) 15. Bd3 (15. Qd4 $11 Qxd4+ 16. cxd4) 15... g6 (15... Bf5 $15) 16. Rh6 (16. Bg5 $11 {keeps the balance.} Qe5 17. Qd2) 16... Re8 $17 17. Bd2 {Mistake:       	White=3     	Black=3      Inaccurate:     	White=1     	---        OK:         	White=1     	Black=8      Strong:       	White=1     	---} Bf5 {Weighted Error Value: White=0.39/Black=0.28 (precise)} *

[Event "2nd Sampa STD Open 2025"]
[Site "Sao Paulo"]
[Date "2025.02.01"]
[Round "3"]
[White "Marra, Eduardo da Costa"]
[Black "Grillo, Carlos Henrique Gome"]
[Result "1-0"]
[Annotator "TA"]
[ECO "C02"]
[WhiteElo "2195"]
[BlackElo "1982"]
[PlyCount "91"]
[EventDate "2025.02.01"]
[EventType "swiss"]
[EventCountry "BRA"]
[SourceTitle "playchess.com"]
[Source "ChessBase"]
[SourceQuality "1"]
[TimeControl "5400+30"]

1. e4 e6 2. d4 d5 3. e5 c5 4. c3 Nc6 5. Nf3 Qb6 6. a3 Nh6 7. b4 cxd4 8. cxd4 Nf5 9. Be3 {is now debated instead of 9.Bb2.} Be7 10. Nc3 {C02: French: Advance Variation.} f6 11. Na4 Qd8 12. Bf4 {[#]} (12. exf6 $11 Bxf6 13. Bd3) 12... fxe5 $146 (12... g5 $1 $17 13. exf6 Bxf6 14. Nxg5 h5) (12... O-O 13. Bd3 Nfxd4 14. Nxd4 Nxd4 15. Bxh7+ Kxh7 16. Qxd4 Qe8 17. Nc5 b6 18. Nd3 Qg6 {0-1 Scheuermann,G (2150)-Katona,A Oberliga Sued W 0708 2007 (6.4)}) 13. Bxe5 $11 Nxe5 14. dxe5 O-O 15. Bd3 Bd7 16. O-O Rc8 17. Qb3 b5 18. Nc3 Qb6 19. Rad1 g6 20. Qb2 a6 21. Ne2 Kg7 22. Rc1 (22. Qd2 $14) 22... Rxc1 ({Better is} 22... Ne3 $1 $15) 23. Rxc1 (23. Nxc1 $14 Nh4 24. Nd4) 23... Nh4 (23... Ne3 $1 $11) 24. Ned4 (24. Nfd4 $14) 24... Nxf3+ (24... Rf4 {keeps more tension.} 25. Qe2 Rf8 26. Nxh4 Qxd4 27. Nf3 Rc8) 25. Nxf3 Rc8 (25... a5 $11) 26. Rxc8 $14 Bxc8 27. Qc3 Bd7 28. Nd4 Qb8 29. Nb3 Qc8 30. Qd4 Qc7 31. h4 Be8 32. g3 Kg8 33. Kg2 Bd8 (33... Kg7 $14) 34. Nc5 $16 {White is more active.} Qc6 (34... Qb6 $16 {is a better defense.} 35. Qg4 Bf7) 35. Qg4 $18 {[%cal Oh4h5] h5! would now be deadly.} Bf7 36. h5 Kg7 (36... g5 37. Qf3 (37. h6 Be7 $16) 37... h6) 37. hxg6 hxg6 {[#]} 38. Bxg6 $1 Bxg6 39. Nxe6+ ({Less strong is} 39. Qxe6 Qc7 $16) 39... Kh6 40. Qh3+ Bh5 41. Nxd8 Qc2 (41... Qg6 $142 42. Qe6 (42. Qh4 Kg7 $16) 42... d4) 42. Nf7+ Kg6 43. Qe6+ {White mates.} Kg7 44. Qf6+ Kg8 45. e6 Qe4+ 46. Kh2 {Weighted Error Value: White=0.23 (precise) /Black=0.72  Mistake:       	White=4     	Black=7      Inaccurate:     	---       	Black=2      OK:         	White=9     	Black=6      Best:        	White=5     	---} 1-0

[Event "2nd Sampa STD Open 2025"]
[Site "Sao Paulo"]
[Date "2025.02.01"]
[Round "3"]
[White "Marra, Eduardo da Costa"]
[Black "Grillo, Juan Cruz"]
[Result "*"]
[Annotator "TA"]
[ECO "C02"]
[WhiteElo "2195"]
[BlackElo "2047"]
[PlyCount "38"]
[EventDate "2025.02.01"]
[EventType "swiss"]
[EventCountry "BRA"]
[SourceTitle "playchess.com"]
[Source "ChessBase"]
[SourceQuality "1"]
[TimeControl "5400+30"]

1. e4 e6 2. d4 d5 3. e5 c5 4. c3 Nc6 5. Nf3 Qb6 6. a3 Nh6 7. b4 cxd4 8. cxd4 Nf5 9. Be3 {is cutting edge theory.} Be7 10. Nc3 {C02: French: Advance Variation.} f6 11. Na4 Qd8 12. Bf4 (12. exf6 $11 Bxf6 13. Bb5) 12... fxe5 $146 ({Black should try} 12... g5 $17 13. exf6 Bxf6 14. Nxg5 O-O) (12... O-O 13. Bd3 Nfxd4 14. Nxd4 Nxd4 15. Bxh7+ Kxh7 16. Qxd4 Qe8 17. Nc5 b6 18. Nd3 Qg6 {0-1 Scheuermann,G (2150)-Katona,A Oberliga Sued W 0708 2007 (6.4)}) 13. Bxe5 $11 Nxe5 14. dxe5 O-O 15. Bd3 Bd7 16. O-O Rc8 17. Qb3 b5 {The position is equal.} 18. Nc3 Qb6 19. Rad1 {Mistake:       	White=1     	Black=1      OK:         	White=3     	Black=4      Best:        	White=1     	---} g6 {Weighted Error Value: White=0.25 (precise) /Black=0.20 (precise)} *